 Dungeon Crawl Stone Soup version 0.29-a0-231-g945431f764 (webtiles) character file.

Game seed: 5066034473788582176

518 fragbeetle the Poker (level 7, -18/50 (52) HPs)
             Began as a Formicid Abyssal Knight on Feb 28, 2022.
             Was a Priest of Lugonu.
             Demolished by a two-headed ogre
             ... wielding a +0 giant club
              (25 damage)
             ... on level 5 of the Dungeon.
             The game lasted 00:09:36 (4307 turns).

fragbeetle the Poker (Formicid Abyssal Knight)      Turns: 4307, Time: 00:09:37

HP:   -18/50 (52)   AC:  9    Str: 20    XL:     7   Next: 45%
MP:   2/10          EV:  7    Int:  9    God:    Lugonu [***...]
Gold: 238           SH:  0    Dex: 11    Spells: 6/6 levels left

rFire   . . .      SeeInvis +   t - +0 trident
rCold   . . .      Faith    .   (no shield)
rNeg    . . .      Spirit   .   m - +0 chain mail
rPois   .          Reflect  .   (helmet unavailable)
rElec   .          Harm     .   (no cloak)
rCorr   .          Rampage  .   (no gloves)
Will    .....                   n - +0 pair of boots
Stlth   ..........              d - amulet of regeneration
HPRegen 0.96/turn               (no ring)
MPRegen 0.12/turn               (no ring)

@: lightly drained
A: permanent stasis, dig shafts and tunnels, antennae 3, four strong arms
a: Dig, Shaft Self, Renounce Religion, Depart the Abyss, Bend Space, Banish


You were on level 5 of the Dungeon.
You worshipped Lugonu.
Lugonu was most pleased with you.
You visited 1 branch of the dungeon, and saw 5 of its levels.
You visited the Abyss 1 time.

You collected 238 gold pieces.

Inventory:

Hand Weapons
 b - a +0 hunting sling
 t - a +0 trident (weapon)
 E - a +0 long sword of holy wrath
Missiles
 h - 12 poisoned darts
Armour
 m - a +0 chain mail (worn)
 n - a +0 pair of boots (worn)
 A - a +0 plate armour
Jewellery
 d - an amulet of regeneration (around neck)
 B - an amulet of the acrobat
 C - a +4 ring of evasion
Wands
 r - a wand of flame (27)
 y - a wand of iceblast (8)
Scrolls
 e - a scroll of holy word {unknown}
 f - a scroll of enchant armour {unknown}
 g - a scroll of teleportation {unknown}
 i - 9 scrolls of identify {unknown}
 j - a scroll of vulnerability {unknown}
 l - a scroll of noise {unknown}
 q - 3 scrolls of fear {unknown}
 w - a scroll of acquirement {unknown}
 x - a scroll of immolation {unknown}
 D - a scroll of fog {unknown}
 F - a scroll of magic mapping {unknown}
Potions
 a - a potion of degeneration {unknown}
 c - a potion of invisibility {unknown}
 k - 3 potions of attraction {unknown}
 o - 3 potions of curing {unknown}
 p - a potion of haste {unknown}
 s - a potion of mutation {unknown}
 u - a potion of cancellation {unknown}
 v - a potion of heal wounds
 z - a potion of resistance {unknown}


   Skills:
 - Level 3.2 Fighting
 - Level 7.0 Polearms
 - Level 2.1 Armour
 - Level 0.8 Dodging
 + Level 4.2 Invocations


You had 6 spell levels left.
You didn't know any spells.
Your spell library contained the following spells:

 Spells                   Type           Power      Damage    Failure   Level
 Summon Guardian Golem    Hex/Summ       0%         N/A       100%        3
 Tukima's Dance           Hex            0%         N/A       100%        3
 Anguish                  Hex/Necr       0%         N/A       100%        4
 Hailstorm                Conj/Ice       0%         3d3       100%        4
 Ice Form                 Ice/Tmut       0%         N/A       100%        4
 Simulacrum               Ice/Necr       0%         N/A       100%        6
 Enfeeble                 Hex            0%         N/A       100%        7
 Orb of Destruction       Conj           0%         9d5       100%        7
 Spellforged Servitor     Conj/Summ      0%         N/A       100%        7


Dungeon Overview and Level Annotations

Branches:
Dungeon (5/15)             Temple (0/1) D:5

Altars:

Annotations:
D:3 2 runed translucent doors, pascalblue's ghost, amateur TeAE
D:5 Blork the orc


Innate Abilities, Weirdness & Mutations

You cannot be hasted, slowed, berserked, paralysed or teleported.
You can dig through walls and to a lower floor.
You have a pair of large antennae on your head. (SInv)
Your four strong arms can wield two-handed weapons with a shield.


Message History

Blork the orc closely misses you.
You puncture Blork the orc!
Blork the orc is almost dead.
Blork the orc closely misses you. Blork the orc barely misses you.
You closely miss Blork the orc.
Blork the orc is almost dead.
You hear the hiss of an avalanche of sand very nearby.
Blork the orc hits you but does no damage.
You barely miss Blork the orc.
Blork the orc is almost dead.
Blork the orc hits you but does no damage.
You barely miss Blork the orc.
Blork the orc is almost dead.
Blork the orc looks satisfied for a moment.
Blork the orc hits you with a +0 scimitar!
You barely miss Blork the orc.
Blork the orc is almost dead.
Blork the orc hits you but does no damage.
You hit Blork the orc but do no damage.
Blork the orc is almost dead.
Blork the orc hits you with a +0 scimitar!
Press: ? - help, Shift-Dir - straight line, f - two-headed ogre
Aim: a two-headed ogre, wielding two +0 giant clubs (chance to affect: 67%)
The two-headed ogre struggles to resist.
Unknown command.
Press: ? - help, Shift-Dir - straight line, f/p - two-headed ogre
Aim: a two-headed ogre, wielding two +0 giant clubs (chance to affect: 67%)
You fail to use your ability.
The two-headed ogre closely misses you.
The two-headed ogre hits you with a +0 giant club!!
* * * LOW HITPOINT WARNING * * *
Unknown command.
Press: ? - help, Shift-Dir - straight line, f/p - two-headed ogre
Aim: a two-headed ogre, wielding two +0 giant clubs (chance to affect: 67%)
The two-headed ogre struggles to resist.
Blork the orc casts a cantrip, but nothing happens.
The two-headed ogre hits you with a +0 giant club!
* * * LOW HITPOINT WARNING * * *
The two-headed ogre hits you with a +0 giant club!!
Ouch! That really hurt!
You die...

.... . . ... $.....
######.#...# #.#.#..
#oO@.....#..##.#...
######S####.(.#...#...###
#.....o{......#.........#
#....O..###..<#....O..#
#....o..###.. #.$.....#
#.....#...... #.#....## #
##....$..###########..# .#
#..................)).##.#
#..##################....#


You could see a two-headed ogre, Blork the orc (fast) and an adder.

Vanquished Creatures
  A scorpion (D:5)
  2 hounds (D:4)
  3 orc priests
  Jessica (D:3)
  Ijyb (D:3)
  2 iguanas
  2 orc wizards
  5 adders
  2 worms
  10 dart slugs
  14 orcs
  5 ball pythons
  5 endoplasms
  2 giant cockroaches
  5 goblins
  7 hobgoblins
  5 bats
  6 frilled lizards
  5 kobolds
  4 rats
87 creatures vanquished.

Vanquished Creatures (others)
  An orc (D:3)
1 creature vanquished.

Grand Total: 88 creatures vanquished

Notes
Turn   | Place    | Note
-------+----------+-------------------------------------------
     0 | Abyss:1  | fragbeetle the Formicid Abyssal Knight began the quest for
                  | the Orb.
     0 | Abyss:1  | Reached XP level 1. HP: 18/18 MP: 2/2
    60 | D:1      | Escaped the Abyss
   345 | D:1      | Reached XP level 2. HP: 24/24 MP: 3/3
   952 | D:2      | Reached skill level 3 in Polearms
   971 | D:2      | Reached XP level 3. HP: 29/29 MP: 4/4
   984 | D:2      | You fall into a shaft and drop 1 floor!
  1152 | D:2      | Reached ** piety under Lugonu
  1747 | D:2      | Found a faded altar of an unknown god.
  1778 | D:3      | Reached skill level 4 in Polearms
  1778 | D:3      | Reached XP level 4. HP: 35/35 MP: 5/5
  1999 | D:3      | Noticed Ijyb
  2019 | D:3      | Killed Ijyb
  2065 | D:3      | Noticed Jessica
  2078 | D:3      | Reached XP level 5. HP: 41/41 MP: 6/6
  2094 | D:3      | Found a runed translucent door.
  2099 | D:3      | Killed Jessica
  2100 | D:3      | Reached skill level 5 in Polearms
  2105 | D:3      | Noticed pascalblue's ghost (amateur TeAE)
  2388 | D:3      | Found a runed translucent door.
  2834 | D:4      | Reached XP level 6. HP: 44/47 MP: 7/7
  2917 | D:4      | Reached skill level 6 in Polearms
  3073 | D:4      | Reached *** piety under Lugonu
  3408 | D:4      | Reached skill level 7 in Polearms
  3408 | D:4      | Reached XP level 7. HP: 46/52 MP: 8/8
  3994 | D:5      | Entered Level 5 of the Dungeon
  4175 | D:5      | Found a staircase to the Ecumenical Temple.
  4257 | D:5      | Noticed a two-headed ogre
  4273 | D:5      | Noticed Blork the orc
  4307 | D:5      | Demolished by a two-headed ogre

Illustrated notes

Levels and vault maps discovered:
D:1:      enne_arrival_octagon_isle, layout_loops_ring,
          chequers_serial_rivers_room_a, chequers_serial_rivers_micro_c,
          roderic_lattice_a, minmay_pentomino_q2
D:2:      layout_loops_ring, dilly_ecumenical_altar_fadedgnrine,
          minmay_misc_feat_rows, minmay_misc_feat_enclosed,
          corexii_leaking_fountain, minmay_small_reverse_x
D:3:      layout_loops_corners, ebering_ghost_sewer_f, lemuel_flame_loot_1,
          uniq_jessica, uniq_ijyb
D:4:      kennysheep_slugbush, layout_layer_cave
D:5:      layout_basic, minmay_temple_entry_tees,
          nicolae_ossuary_entry_catacombs, uniq_blork_the_orc

Skill      XL: |  1  2  3  4  5  6  7 |
---------------+----------------------+-----
Polearms       | 3 4 5 7 |  7.0
Invocations    | 4 |  4.2
Fighting       | |  3.2
Armour         | |  2.1
Dodging        | |  0.8

Action                   |  1- 3 |  4- 6 |  7- 9 || total
-------------------------+-------+-------+-------++-------
Melee: Spear             |    71 |   108 |       ||   179
       Punch             |       |     2 |     1 ||     3
       Trident           |       |    87 |    56 ||   143
 Fire: Hunting sling     |    27 |       |       ||    27
Invok: Banish            |       |       |     2 ||     2
       Bend Space        |       |       |     1 ||     1
 Abil: Dig               |       |       |     2 ||     2
Armor: Leather armour    |     9 |       |       ||     9
       Chain mail        |     9 |    74 |    30 ||   113
Dodge: Dodged            |    26 |    43 |    15 ||    84

Table legend: (Time is in decaauts)
 A = Elapsed time spent in this place.
 B = Non-inter-level travel time spent in this place.
 C = Inter-level travel time spent in this place.
 D = Time resting spent in this place.
 E = Time spent auto-exploring this place.
 F = Levels seen in this place.
 G = Mean time per level.
                   A        B        C        D        E       F      G
               +--------+--------+--------+--------+--------+-----+--------+
         Total |   4299 |   4057 |    242 |     53 |   2845 |   6 |  716.5 |
       Dungeon |   4239 |   3997 |    242 |     53 |   2845 |   5 |  847.8 |
         Abyss |     60 |     60 |      0 |      0 |      0 |   1 |   60.0 |
               +--------+--------+--------+--------+--------+-----+--------+

Top non-repeatable levels by time:
     D:3: 1184 daAuts
     D:4: 1180 daAuts
     D:1: 880 daAuts
     D:2: 684 daAuts
     D:5: 309 daAuts
 Abyss:1: 60 daAuts
